 Dungeon Crawl Stone Soup version 0.28.0-49-g6dfe1f597d (webtiles) character file.

Game seed: 13117688782411729904

67 Zeld the Digger (level 4, -1/25 HPs)
             Began as a Gargoyle Earth Elementalist on May 16, 2022.
             Slain by a goblin
             ... wielding a +0 dagger
             ... led by Robin
              (5 damage)
             ... on level 2 of the Dungeon.
             The game lasted 00:02:26 (1911 turns).

Zeld the Digger (Gargoyle Earth Elementalist)       Turns: 1911, Time: 00:02:26

Health: -1/25      AC:  5    Str: 11    XL:     4   Next: 18%
Magic:  7/7        EV: 12    Int: 18    God:
Gold:   69         SH:  0    Dex: 10    Spells: 2/8 levels left

rFire   . . .      SeeInvis .   h - +0 short sword (venom)
rCold   . . .      Faith    .   (no shield)
rNeg    + . .      Spirit   .   b - +0 robe
rPois   ∞          Reflect  .   (no helmet)
rElec   +          Harm     .   (no cloak)
rCorr   .          Rampage  .   (no gloves)
Will    .....                   (no boots)
Stlth   ++........              (no amulet)
HPRegen 0.08/turn               (no ring)
MPRegen 0.10/turn               (no ring)

@: no status effects
A: sickness immunity, AC +3, negative energy resistance 1, electricity
resistance, torment resistance 1, petrification resistance
a: no special abilities


You were on level 2 of the Dungeon.
You visited 1 branch of the dungeon, and saw 2 of its levels.

You collected 69 gold pieces.

Inventory:

Hand Weapons
 h - a +0 short sword of venom (weapon)
Missiles
 c - 6 stones
Armour
 b - a +0 robe (worn)
Scrolls
 d - a scroll of noise {unknown}
 e - a scroll of fear {unknown}
 g - a scroll of torment {unknown}
Potions
 a - a potion of heal wounds {unknown}
 f - a potion of invisibility {unknown}


   Skills:
 * Level 1.6 Fighting
 * Level 1.5 Armour
 + Level 1.8 Dodging
 + Level 2.4 Stealth
 * Level 2.5 Spellcasting
 - Level 1.0 Transmutations
 * Level 4.1 Earth Magic


You had 2 spell levels left.
You knew the following spells:

 Your Spells              Type           Power      Damage    Failure   Level
a - Sandblast             Erth           34%        2d9       3%          1
b - Passwall              Tmut/Erth      9%         N/A       9%          2
c - Stone Arrow           Conj/Erth      18%        3d8       22%         3

Your spell library contained the following spells:

 Spells                   Type           Power      Damage    Failure   Level
 Pain                     Necr           8%         1d4       17%         1
 Petrify                  Tmut/Erth      11%        N/A       52%         4
 Agony                    Necr           2%         N/A       99%         5
 Excruciating Wounds      Necr           1%         N/A       99%         5


Dungeon Overview and Level Annotations

Branches:
Dungeon (2/15)

Altars:

Annotations:
D:2 Robin


Innate Abilities, Weirdness & Mutations

You are immune to sickness and miasma.
Your stone body is resilient. (AC +3)
You are immune to poison.
You resist negative energy. (rN+)
You are resistant to electric shocks. (rElec)
You are resistant to unholy torment.
You are immune to petrification.


Message History

The goblin barely misses you. Robin throws the goblin at you!
Items here: ( ))).
You hit the goblin.
The goblin is moderately wounded.
The goblin closely misses you. x2
You hit the goblin.
You kill the goblin!
The goblin hits you with a +0 dagger. Robin throws the goblin at you!
You hit the goblin.
You kill the goblin!
The goblin closely misses you. Robin throws the goblin at you!
The goblin closely misses you.
You miss the goblin. The goblin closely misses you.
The goblin hits you with a +0 club. The goblin closely misses you.
You closely miss the goblin. The goblin barely misses you.
The goblin hits you but does no damage.
You hit the goblin.
The goblin is poisoned.
The goblin is severely wounded.
The goblin hits you but does no damage. x2
You hit the goblin.
You kill the goblin!
Robin throws the goblin at you! The goblin closely misses you.
The goblin unwields a +0 hunting sling.
The goblin wields a +0 dagger.
The goblin barely misses you.
You closely miss the goblin.
The goblin no longer looks unusually strong.
Robin says, "Kneel, worm!"
Robin roars a battlecry!
The goblin goes into a battle-frenzy!
The goblin hits you with a +0 dagger.
You closely miss the goblin. The goblin hits you with a +0 dagger.
* * * LOW HITPOINT WARNING * * *
The goblin hits you with a +0 dagger.
* * * LOW HITPOINT WARNING * * *
The goblin hits you but does no damage.
You barely miss the goblin.
The goblin no longer looks unusually strong. x2
The goblin hits you with a +0 dagger.
You die...

## #.##......)..
)###......P.....
.##.....P.♣♣.... .
....#†P♣.♣♣ P..# ..
#.####.P.♣♣♣♣P.###
... #.##....P..♣♣....
.... #....####.P.♣♣.#
.... ...####
#...P.####g.#
.♣....####..♣♣.g@ggg#
.♣PP#.......♣..######
.♣♣.#####.#....#
♣♣♣P##....####......
P ♣....#### #######
...# ...# ..##


You could see Robin and 4 goblins.

Vanquished Creatures
  2 adders (D:2)
  6 endoplasms (D:1)
  2 giant cockroaches (D:1)
  9 goblins
  5 hobgoblins
  4 kobolds (D:1)
  5 ball pythons (D:1)
  6 bats
  3 frilled lizards (D:1)
  3 rats (D:1)
45 creatures vanquished.

Vanquished Creatures (others)
  A plant (D:2)
1 creature vanquished.

Grand Total: 46 creatures vanquished

Notes
Turn   | Place    | Note
-------+----------+-------------------------------------------
     0 | D:1      | Zeld the Gargoyle Earth Elementalist began the quest for
                  | the Orb.
     0 | D:1      | Reached XP level 1. HP: 10/10 MP: 3/3
   269 | D:1      | Reached XP level 2. HP: 9/15 MP: 0/5
   492 | D:1      | Learned a level 2 spell: Passwall
   510 | D:1      | Reached skill level 1 in Armour
   646 | D:1      | Reached skill level 1 in Transmutations
   735 | D:1      | Reached XP level 3. HP: 20/20 MP: 3/6
   739 | D:1      | Learned a level 3 spell: Stone Arrow
   930 | D:1      | Reached skill level 1 in Fighting
  1439 | D:2      | Reached skill level 4 in Earth Magic
  1743 | D:2      | Reached XP level 4. HP: 17/25 MP: 7/7
  1889 | D:2      | Noticed Robin
  1911 | D:2      | Slain by a goblin

Illustrated notes

Levels and vault maps discovered:
D:1:      scummos_arrival_gate, layout_rooms
D:2:      layout_rooms, serial_forest, infiniplex_forest_diagonal,
          infiniplex_forest_lined_room_3, infiniplex_forest_clump_C,
          infiniplex_forest_join, infiniplex_forest_clump_curved,
          infiniplex_forest_end_2, infiniplex_forest_clump_diagonal,
          infiniplex_forest_lined_room_2, uniq_robin

Skill      XL: |  1  2  3 |
---------------+----------+-----
Armour         | 1 |  1.5
Transmutations | 1 |  1.0
Fighting       | 1 |  1.6
Earth Magic    | 4 |  4.1
Dodging        | |  1.8
Stealth        | |  2.4
Spellcasting   | |  2.5

Action                   |  1- 3 |  4- 6 || total
-------------------------+-------+-------++-------
Melee: Unarmed           |    29 |       ||    29
       Short sword       |    60 |    20 ||    80
 Cast: Sandblast         |    32 |       ||    32
 Stab: Sleeping          |     1 |       ||     1
Armor: Robe              |    30 |    14 ||    44
Dodge: Dodged            |    79 |    21 ||   100
